 Dungeon Crawl Stone Soup version 0.29.1-1-gd02db6906a (webtiles) character file.

Game seed: 5979265170723642131

3408 EvilAshe the Reanimator (level 9, -1/59 HPs)
             Began as a Vampire Necromancer on Oct 2, 2022.
             Was a Follower of Hepliaklqana.
             Slain by an orc warrior
             ... wielding a +0 halberd
              (9 damage)
             ... on level 9 of the Dungeon.
             The game lasted 00:27:38 (8332 turns).

EvilAshe the Reanimator (Vampire Necromancer)       Turns: 8332, Time: 00:27:39

Health: -1/59      AC: 10    Str:  7    XL:     9   Next: 75%
Magic:  18/18      EV: 12    Int: 22    God:    Hepliaklqana [*.....]
Gold:   273        SH:  8    Dex: 14    Spells: 7/20 levels left

rFire   + . .      SeeInvis +   j - +3 short sword (elec)
rCold   . . .      Faith    .   H - +0 kite shield {reflect}
rNeg    . . .      Spirit   .   e - +2 leather armour {rF+}
rPois   .          Reflect  +   (no helmet)
rElec   .          Harm     .   D - +0 cloak
rCorr   .          Rampage  .   F - +2 pair of gloves
Will    .....                   s - +0 pair of boots
Stlth   ++........              (no amulet)
HPRegen 0.39/turn               (no ring)
MPRegen 0.16/turn               (no ring)

@: animating dead, healing quickly
A: reduced essence, alive, fangs 3, see invisible, vampiric 2
a: Exsanguinate, Renounce Religion, Recall Ancestor, Ancestor Identity


You were on level 9 of the Dungeon.
You worshipped Hepliaklqana.
Hepliaklqana was aware of your devotion.
You visited 2 branches of the dungeon, and saw 10 of its levels.
You also visited: Sewer.

You collected 383 gold pieces.
You spent 110 gold pieces at shops.

Inventory:

Hand Weapons
 j - a +3 short sword of electrocution (weapon)
 w - a +1 vampiric whip
Missiles
 l - 8 javelins (quivered)
Armour
 e - a +2 leather armour of fire resistance (worn)
 s - a +0 pair of boots (worn)
 D - a +0 cloak (worn)
 F - a +2 pair of gloves (worn)
 H - a +0 kite shield of reflection (worn)
Jewellery
 k - a +6 ring of intelligence
 v - a +6 ring of dexterity
 x - an amulet of magic regeneration
 A - a ring of willpower
Wands
 n - a wand of digging (6)
 r - a wand of acid (13)
 u - a wand of charming (1)
 E - a wand of mindburst (11)
Scrolls
 g - 3 scrolls of magic mapping
 h - 3 scrolls of teleportation
 i - 2 scrolls of poison
 m - a scroll of butterflies
 o - 2 scrolls of fear {unknown}
 q - a scroll of amnesia {unknown}
 t - a scroll of enchant weapon
 y - a scroll of enchant armour {unknown}
 B - a scroll of blinking
 G - a scroll of summoning {unknown}
Potions
 a - a potion of haste
 b - a potion of magic
 c - a potion of might
 d - 2 potions of ambrosia
 f - 2 potions of heal wounds
 p - 2 potions of curing
 z - 2 potions of lignification
 C - 3 potions of resistance


   Skills:
 + Level 4.5 Fighting
 + Level 7.3 Dodging
 - Level 3.0 Stealth
 + Level 1.8 Shields
 + Level 6.1 Spellcasting
 * Level 10.8 Necromancy


You had 7 spell levels left.
You knew the following spells:

 Your Spells              Type           Power      Damage    Failure   Level
a - Necrotise             Necr           100%       1d9       1%          1
b - Animate Dead          Necr           52%        N/A       5%          4
c - Vampiric Draining     Necr           52%        2d9       1%          3
d - Agony                 Necr           52%        N/A       16%         5

Your spell library contained the following spells:

 Spells                   Type           Power      Damage    Failure   Level
 Freeze                   Ice            24%        1d5       41%         1
 Poisonous Vapours        Pois/Air       12%        N/A       56%         2
 Corpse Rot               Necr/Pois/Air  22%        N/A       71%         4
 Dazzling Flash           Conj/Hex       12%        N/A       80%         3
 Frozen Ramparts          Ice            12%        1d2       80%         3
 Hailstorm                Conj/Ice       6%         3d4       99%         4
 Iskenderun's Mystic Bla  Conj/Tloc      6%         2d4       99%         4
 Starburst                Conj/Fire      3%         6d3       100%        6


Dungeon Overview and Level Annotations

Branches:
Dungeon (9/15)             Temple (1/1) D:7           Sewer (visited)
   Lair: D:8-11         Orc: D:9-12

Altars:
Ashenzari
Cheibriados
Dithmenos
Gozag
Hepliaklqana
Makhleb
Nemelex Xobeh
Okawaru
Qazlal
Ru
Sif Muna
Uskayaw
Xom

Shops:
D:4 *   D:7 !


Innate Abilities, Weirdness & Mutations

Your life essence is reduced to manifest your ancestor. (-10% HP)
Your natural rate of healing is accelerated.
You have razor-sharp teeth.
You have supernaturally acute eyesight. (SInv)
You are afflicted with vampirism and can become a bat while bloodless.


Message History

Okay, then.
Unknown command.
Aiming: Charm
Press: ? - help, Shift-Dir - straight line, f - hell hound
Aim: a hell hound (chance to affect: 49%)
The hell hound resists with some effort.
The hell hound breathes flames at you. The blast of flame hits you. You resist.
* * * LOW HITPOINT WARNING * * *
The hell hound bites you but does no damage.
Aiming: Charm
Press: ? - help, Shift-Dir - straight line, f/p - hell hound
Aim: a hell hound (ally target, chance to affect: 49%)
The hell hound resists with some effort.
The hell hound barely misses you.
Aiming: Charm
Press: ? - help, Shift-Dir - straight line, f/p - hell hound
Aim: a hell hound (ally target, chance to affect: 49%)
The hell hound resists with some effort.
You block the hell hound's attack. The hell hound bites you.
* * * LOW HITPOINT WARNING * * *
Aiming: Charm
Press: ? - help, Shift-Dir - straight line, f/p - hell hound
Aim: a hell hound (ally target, chance to affect: 49%)
The hell hound is charmed.
What are your orders? t - Shout!
Orders for allies: a - Attack new target. p - Attack previous target. r - Retreat! s - Stop attacking. g - Guard the area. f - Follow me.
Anything else - Cancel.
Gang up on whom?
Press: ? - help, Dir - move target, f - orc warrior, p - hell hound
Aim: an orc warrior, wielding a +0 halberd and wearing a +0 plate armour Attack!
Your hell hound breathes flames at the orc warrior.
The blast of flame hits the orc warrior.
Gaius completely misses the orc warrior.
The orc warrior hits you from afar with a +0 halberd!
You die...

#...........................
#......#....................
#......'....................
#......#....................
#......#....................
#..############..##.###...##
#####..##...###..# ######
#........#....# .....
#.......@#....# .....
#.......h'R...# ......
#........#o...# ......
##..##..###.### #...##
##..#######Z# #... #
#...Z...#...# .. .
#.......#...# ยง.
##########R.# . ####.o# #


You could see the friendly Gaius the ancestor, an orc warrior (ally target), a
friendly hell hound (charmed, catching breath) and a friendly orc zombie.

Vanquished Creatures
  Grinder (D:3)
  A yak (D:7)
  Eustachio (D:5)
  A fire bat (D:9)
  Menkaure (D:7)
  2 water moccasins
  A sky beast (D:7)
  Pargi (Sewer)
  A black bear (D:7)
  3 centaurs
  An ogre (D:5)
  A phantom (D:7)
  A kobold brigand (D:7)
  2 bullfrogs (D:7)
  A necrophage (D:7)
  A scorpion (D:7)
  A wight (D:8)
  4 killer bees
  A howler monkey (D:6)
  5 hounds
  2 jellies
  An iguana (D:7)
  Ijyb (D:3)
  6 orc wizards
  7 gnolls
  5 adders
  A white imp (D:6)
  2 ufetubi
  A worm (D:5)
  13 orcs
  8 ball pythons
  6 endoplasms
  8 giant cockroaches
  6 goblins
  10 hobgoblins
  2 jackals (D:2)
  5 quokkas
  7 bats
  7 frilled lizards
  11 kobolds
  2 rats (D:1)
142 creatures vanquished.

Vanquished Creatures (collateral kills)
  A wraith (D:9)
  A fire bat (D:9)
  5 killer bees (D:9)
  A hound (D:7)
  An orc wizard (D:9)
  A white imp (D:8)
  A worm (D:2)
  5 orcs
  A kobold (D:8)
17 creatures vanquished.

Vanquished Creatures (others)
  A killer bee (D:9)
  2 killer bee zombies
  An ancestor (D:9)
  2 orc zombies
  2 kobold zombies (D:8)
  3 plants
11 creatures vanquished.

Grand Total: 170 creatures vanquished

Notes
Turn   | Place    | Note
-------+----------+-------------------------------------------
     0 | D:1      | EvilAshe the Vampire Necromancer began the quest for the
                  | Orb.
     0 | D:1      | Reached XP level 1. HP: 13/13 MP: 3/3
   257 | D:1      | Reached XP level 2. HP: 19/19 MP: 3/5
  1029 | D:2      | Reached skill level 5 in Necromancy
  1084 | D:2      | Gained mutation: You are afflicted with vampirism and can
                  | become a bat while bloodless. [Vampire growth]
  1084 | D:2      | Reached XP level 3. HP: 24/24 MP: 4/6
  1088 | D:2      | Learned a level 3 spell: Vampiric Draining
  1114 | D:2      | Found a faded altar of an unknown god.
  2220 | D:3      | Found a glowing drain.
  2243 | Sewer    | Entered a sewer
  2316 | Sewer    | Reached XP level 4. HP: 30/30 MP: 7/7
  2356 | Sewer    | Noticed Pargi
  2364 | Sewer    | Killed Pargi
  2365 | Sewer    | Reached XP level 5. HP: 24/35 MP: 3/9
  2481 | D:3      | Noticed Grinder
  2491 | D:3      | Killed Grinder
  2492 | D:3      | Reached skill level 6 in Necromancy
  2492 | D:3      | Reached XP level 6. HP: 34/41 MP: 9/11
  2509 | D:3      | Learned a level 4 spell: Animate Dead
  2820 | D:3      | Noticed Ijyb
  2828 | D:3      | Killed Ijyb
  3183 | D:3      | Reached skill level 7 in Necromancy
  3416 | D:4      | Reached XP level 7. HP: 47/47 MP: 12/12
  3672 | D:4      | Found an opulent altar of Gozag.
  3674 | D:4      | Found Zin's Purification Station.
  3750 | D:4      | Found a snail-covered altar of Cheibriados.
  4040 | D:5      | Entered Level 5 of the Dungeon
  4048 | D:5      | Reached skill level 1 in Fighting
  4284 | D:5      | Noticed Eustachio
  4304 | D:5      | Killed Eustachio
  4305 | D:5      | Reached skill level 5 in Dodging
  4427 | D:5      | Reached skill level 8 in Necromancy
  4556 | D:5      | Found a sparkling altar of Nemelex Xobeh.
  4717 | D:5      | Reached XP level 8. HP: 56/56 MP: 14/14
  6013 | D:7      | Reached skill level 9 in Necromancy
  6017 | D:7      | Found a staircase to the Ecumenical Temple.
  6022 | D:7      | Reached skill level 5 in Spellcasting
  6198 | Temple   | Entered the Ecumenical Temple
  6267 | Temple   | Became a worshipper of Hepliaklqana the Forgotten
  6323 | D:7      | Found Qiuleen's Distillery.
  6330 | D:7      | Bought a potion of resistance for 110 gold pieces
  6334 | D:7      | Noticed Menkaure
  6683 | D:7      | Reached XP level 9. HP: 64/64 MP: 14/17
  6692 | D:7      | Learned a level 5 spell: Agony
  6783 | D:7      | Killed Menkaure
  6964 | D:7      | HP: 1/65 [poisoned by a kobold brigand (curare-tipped
                  | dart)]
  7112 | D:7      | Reached skill level 10 in Necromancy
  7417 | D:8      | Found a stormy altar of Qazlal.
  7500 | D:8      | Reached * piety under Hepliaklqana
  7826 | D:9      | Found a hide-covered altar of Uskayaw.
  7904 | D:8      | Reached skill level 1 in Shields
  7963 | D:9      | Found a shimmering altar of Xom.
  8067 | D:9      | Found a shadowy altar of Dithmenos.
  8332 | D:9      | Slain by an orc warrior

Illustrated notes

Levels and vault maps discovered:
D:1:      dpeg_arrival_snail, layout_basic, dk_noncrumbling_4
D:2:      layout_rooms, ebering_ecumenical_altar_sacrificial,
          serial_co_window_serial, co_window_paths_a, co_window_corner_a,
          co_window_paths_a, co_window_of_opportunity_a, co_window_paths_a,
          co_window_of_opportunity_a, co_window_of_opportunity_a,
          co_window_2corner, co_window_broadway_c, co_window_of_opportunity_b,
          co_window_corner_cb, co_window_4corner_b, co_window_4corner_a,
          kennysheep_nondescript
D:3:      layout_basic, portal_sewer_entry_f, corexii_shack, corner_web_ring,
          uniq_ijyb, uniq_grinder
D:4:      layout_loops_ring, nicolae_gozag_seed_capital, zin_purify,
          lemuel_tele_altar, serial_bayou_pond_d, grunt_ministairs_3,
          minmay_misc_feat_pillars
D:5:      layout_loops_cross, nemelex_spade_bored_becter, uniq_eustachio
D:6:      layout_gridville, serial_glass, glass_columns_a, glass_columns_a,
          glass_columns_a, glass_columns_a
D:7:      layout_basic, minmay_temple_entry_arrows, serial_shops, shop,
          uniq_menkaure
D:8:      layout_cave_pools, grunt_qazlal_clouds, nicolae_elyvilon_temple_path,
          minmay_manual_monstrance
D:9:      layout_gridville, mainiacjoe_overflow_catwalk,
          mainiacjoe_overflow_small_starburst, grunt_dithmenos_smoke,
          hangedman_incinerator
Temple:   minmay_temple_forest_path

Skill      XL: |  1  2  3  4  5  6  7  8  9 |
---------------+----------------------------+-----
Necromancy     | 5 6 7 8 9 10 | 10.8
Dodging        | 3 4 5 6 7 |  7.3
Spellcasting   | 3 4 5 6 |  6.1
Fighting       | 2 3 4 |  4.5
Shields        | 1 |  1.8
Stealth        | |  3.0

Action                   |  1- 3 |  4- 6 |  7- 9 || total
-------------------------+-------+-------+-------++-------
Melee: Short sword       |    33 |    44 |   210 ||   287
       Bite              |     2 |     2 |    29 ||    33
       Punch             |     2 |     1 |       ||     3
Throw: Javelin           |     1 |       |       ||     1
 Cast: Necrotise         |    50 |    33 |    98 ||   181
       Vampiric Draining |       |       |    11 ||    11
       Animate Dead      |       |       |    14 ||    14
Evoke: Wand              |       |     4 |     6 ||    10
  Use: Scroll            |     1 |       |    11 ||    12
       Potion            |       |       |     2 ||     2
 Stab: Sleeping          |     7 |     8 |     8 ||    23
Armor: Leather armour    |     7 |    17 |   141 ||   165
Dodge: Dodged            |    25 |    34 |   209 ||   268
Block: Kite shield       |       |       |    35 ||    35
